 Dungeon Crawl Stone Soup version 0.31-a0-175-g9f7f995f2b (webtiles) character file.

Game seed: 13613835024178255676

76 rapeowns the Digger (level 4, -3/35 HPs)
             Began as a Meteoran Earth Elementalist on June 17, 2023.
             Slain by a gnoll
             ... wielding a +0 halberd
              (14 damage)
             ... on level 2 of the Dungeon.
             The game lasted 00:02:12 (796 turns).

rapeowns the Digger (Meteoran Earth Elementalist)    Turns: 796, Time: 00:02:12

Health: -3/35      AC:  3    Str: 10    XL:     4   Next: 87%
Magic:  0/10       EV: 13    Int: 18    God:
Gold:   99         SH:  0    Dex: 14    Spells: 8/9 levels left

rFire   . . .        g - +0 short sword
rCold   . . .        (no shield)
rNeg    . . .        a - +0 robe
rPois   .            (no helmet)
rElec   .            (no cloak)
rCorr   .            i - +0 pair of gloves
SInv    .            (no boots)
Will    .....        (no amulet)
Stlth   +            (no ring)
HPRegen 0.25/turn    (no ring)
MPRegen 0.12/turn

%: no passive effects
@: glowing
A: sense surroundings 1, otherworldly, glowing, explore regen
a: no special abilities


You were on level 2 of the Dungeon.
You visited 1 branch of the dungeon, and saw 2 of its levels.

You collected 99 gold pieces.

Inventory:

Hand Weapons
 g - a +0 short sword (weapon)
Armour
 a - a +0 robe (worn)
 i - a +0 pair of gloves (worn)
Scrolls
 c - a scroll of amnesia {unknown}
 e - a scroll of immolation {unknown}
 f - a scroll of revelation {unknown}
 h - a scroll of teleportation {unknown}
 j - a scroll of identify {unknown}
 k - 2 scrolls of noise {unknown}
 l - a scroll of blinking {unknown}
Potions
 b - a potion of magic
 d - 2 potions of might {unknown}


   Skills:
 + Level 1.1 Fighting
 + Level 3.2 Dodging
 - Level 1.6 Stealth
 + Level 3.4 Spellcasting
 + Level 2.3 Transmutations
 + Level 4.2 Earth Magic


You had 8 spell levels left.
You knew the following spells:

 Your Spells              Type           Power      Damage    Failure   Level
a - Sandblast             Erth           36%        2d10      2%          1

Your spell library contained the following spells:

 Spells                   Type           Power      Damage    Failure   Level
 Passwall                 Tmut/Erth      11%        N/A       6%          2
 Stone Arrow              Conj/Erth      20%        3d8       21%         3
 Petrify                  Tmut/Erth      14%        N/A       38%         4


Dungeon Overview and Level Annotations

Branches:
Dungeon (2/15) Zot: 667

Altars:


Innate Abilities, Weirdness & Mutations

You passively map a small area around you.
You are easily found by Zot.
You glow in the dark.
You regain HP and MP as you explore.


Message History

The blast of sand hits the gnoll but does no damage.
The gnoll misses you.
Aiming: Sandblast (safe; 2% risk of failure)
Press: ? - help, Q - select action Shift-Dir - straight line, f/p - gnoll
Aim: a gnoll, wielding a +0 flail, wearing a +0 plate armour and quivering stones (91% to hit)
The blast of sand misses the gnoll.
The blast of sand hits the gnoll!
The gnoll is severely wounded.
Aiming: Sandblast (safe; 2% risk of failure)
Press: ? - help, Q - select action Shift-Dir - straight line, f/p - gnoll
Aim: a gnoll, wielding a +0 flail, wearing a +0 plate armour and quivering stones (91% to hit)
The blast of sand hits the gnoll but does no damage.
The gnoll hits you with a +0 flail! The gnoll misses you.
The gnoll barely misses you. The gnoll attacks as you move away!
The gnoll hits you with a +0 flail.
The gnoll throws a stone.
The stone misses you.
Aiming: Sandblast (safe; 2% risk of failure)
Press: ? - help, Q - select action Shift-Dir - straight line, f - gnoll, p - gnoll
Aim: a gnoll, wielding a +0 halberd and wearing a +0 leather armour (severely wounded, 84% to hit)
The blast of sand hits the gnoll but does no damage.
The gnoll throws a stone.
The stone hits you.
Aiming: Sandblast (safe; 2% risk of failure)
Press: ? - help, Q - select action Shift-Dir - straight line, f/p - gnoll
Aim: a gnoll, wielding a +0 halberd and wearing a +0 leather armour (severely wounded, 84% to hit)
The blast of sand hits the gnoll but does no damage.
The gnoll throws a stone.
The stone closely misses you.
Unknown command.
Aiming: Sandblast (safe; 2% risk of failure)
Press: ? - help, Q - select action Shift-Dir - straight line, f/p - gnoll
Aim: a gnoll, wielding a +0 halberd and wearing a +0 leather armour (severely wounded, 84% to hit)
The blast of sand hits the gnoll.
The gnoll is lightly wounded.
The gnoll hits you with a +0 flail.
Aiming: Sandblast (safe; 2% risk of failure)
Press: ? - help, Q - select action Shift-Dir - straight line, f/p - gnoll
Aim: a gnoll, wielding a +0 halberd and wearing a +0 leather armour (severely wounded, 84% to hit)
The blast of sand hits the gnoll but does no damage.
The gnoll is lightly wounded.
The gnoll closely misses you.
The gnoll hits you from afar with a +0 halberd!
You die...

#.# * * #.# , * *
#######.####### ,,
............... , ,
##########.######. #. , ,
#..........# #. #..
#.########## * #. ##.. #.#
,, .. #...#* * #@# ## *
*#### * ###.... #g# ..# *
#... .......#####g###...# *
#... ###>....)..........#
#... .........†?........#
#.###...
...#.#...#........#
#.#..... ,
,#†..#.#.........###.#.#...
,*
#.....#...#.......##.#.....
#.....#..#........##.#.....


You could see 2 gnolls.

Vanquished Creatures
  4 gnolls (D:2)
  2 dart slugs (D:2)
  4 endoplasms
  2 giant cockroaches
  2 goblins (D:2)
  4 hobgoblins
  3 jackals (D:1)
  2 quokkas (D:1)
  3 bats (D:2)
  A frilled lizard (D:1)
  3 kobolds
  2 rats (D:2)
32 creatures vanquished.

Notes
Turn   | Place    | Note
-------+----------+-------------------------------------------
     0 | D:1      | rapeowns the Meteoran Earth Elementalist began the quest
                  | for the Orb.
     0 | D:1      | Reached XP level 1. HP: 14/14 MP: 5/5
   158 | D:1      | Reached XP level 2. HP: 20/20 MP: 4/6
   300 | D:1      | Reached XP level 3. HP: 26/26 MP: 6/8
   537 | D:2      | Reached skill level 4 in Earth Magic
   571 | D:2      | Reached XP level 4. HP: 28/34 MP: 1/9
   589 | D:2      | Reached skill level 1 in Fighting
   796 | D:2      | Slain by a gnoll

Illustrated notes

Levels and vault maps discovered:
D:1:      grunt_arrival_crossed_arrows, layout_rooms, serial_bayou_ford_a
D:2:      layout_basic, minmay_splitting_lines, serial_bayou_pond_e

Skill      XL: |  1  2  3  4 |
---------------+-------------+-----
Spellcasting   | 3 |  3.4
Transmutations | 2 |  2.3
Earth Magic    | 4 |  4.2
Dodging        | 3 |  3.2
Fighting       | 1 |  1.1
Stealth        | |  1.6

Action                     |  1- 3 |  4- 6 || total
---------------------------+-------+-------++-------
  Melee: Unarmed           |    11 |       ||    11
         Punch             |     1 |       ||     1
         Short sword       |     1 |     1 ||     2
   Cast: Sandblast         |    42 |    20 ||    62
 Armour: Robe              |     7 |     2 ||     9
  Dodge: Dodged            |    21 |    13 ||    34

Table legend: (Time is in decaauts)
 A = Elapsed time spent in this place.
 B = Non-inter-level travel time spent in this place.
 C = Inter-level travel time spent in this place.
 D = Time resting spent in this place.
 E = Time spent auto-exploring this place.
 F = Levels seen in this place.
 G = Mean time per level.
                   A        B        C        D        E       F      G
               +--------+--------+--------+--------+--------+-----+--------+
         Total |    830 |    790 |     40 |      0 |    547 |   2 |  415.0 |
       Dungeon |    830 |    790 |     40 |      0 |    547 |   2 |  415.0 |
               +--------+--------+--------+--------+--------+-----+--------+

Top non-repeatable levels by time:
     D:1: 439 daAuts
     D:2: 391 daAuts
